 Dungeon Crawl Stone Soup version 0.26-a0-660-gc07710193c (webtiles) character file.

Game seed: 10580235939139198768

163 flotson the Sneak (level 5, -1/24 HPs)
             Began as a Vine Stalker Air Elementalist on Oct 8, 2020.
             Slain by Pikel
             ... wielding a +2 whip of electrocution
              (5 damage)
             ... on level 4 of the Dungeon.
             The game lasted 00:04:27 (2883 turns).

flotson the Sneak (Vine Stalker Air Elementalist)   Turns: 2883, Time: 00:04:28

Health: -1/24      AC:  3    Str: 11    XL:     5   Next: 44%
Magic:  0/9        EV: 11    Int: 15    God:
Gold:   80         SH:  0    Dex: 15    Spells: 1/8 levels left

rFire    . . .     SeeInvis .   m - +2 quarterstaff (chaos)
rCold    . . .     Faith    .   (shield currently unavailable)
rNeg     . . .     Spirit   +   i - +0 ring mail
rPois    .         Reflect  .   y - +0 helmet
rElec    .         Harm     .   t - +0 cloak
rCorr    .         Rampage  .   (no gloves)
MR       .....                  (no boots)
Stlth    +++.......             (no amulet)
HPRegen  0.48/turn              k - ring of stealth
MPRegen  0.11/turn              (no ring)

@: corroded
A: fangs 2, regeneration 1, magic shield, antimagic bite, no potion heal 3, rot
immunity
a: no special abilities


You were on level 4 of the Dungeon.
You visited 1 branch of the dungeon, and saw 4 of its levels.

You collected 80 gold pieces.

Inventory:

Hand Weapons
 m - a +2 quarterstaff of chaos (weapon)
 p - a +3 mace of draining
 q - a +1 mace of holy wrath
 r - a +0 mace of holy wrath
 s - a +0 mace of venom
Missiles
 d - 12 sling bullets
 e - 117 stones
 w - 8 poisoned darts (quivered)
Armour
 i - a +0 ring mail (worn)
 t - a +0 cloak (worn)
 y - a +0 helmet (worn)
Jewellery
 k - a ring of stealth (left hand)
Scrolls
 b - 5 scrolls of identify {unknown}
 c - a scroll of amnesia {unknown}
 f - 2 scrolls of enchant armour {unknown}
 j - a scroll of enchant weapon {unknown}
 u - a scroll of random uselessness {unknown}
 v - 2 scrolls of remove curse {unknown}
Potions
 a - 5 potions of might
 g - 2 potions of curing
 h - a potion of lignification {unknown}
 l - 2 potions of stabbing {unknown}
 n - 2 potions of berserk rage {unknown}
 o - 2 potions of haste {unknown}
 x - a potion of flight {unknown}


   Skills:
 + Level 0.1 Fighting
 + Level 0.8 Staves
 + Level 1.0 Armour
 + Level 2.6 Dodging
 + Level 3.6 Stealth
 + Level 2.0 Unarmed Combat
 + Level 2.4 Spellcasting
 + Level 1.0 Conjurations
 + Level 3.3 Air Magic


You had one spell level left.
You knew the following spells:

 Your Spells              Type           Power        Failure   Level
a - Shock                 Conj/Air       #...         21%         1
b - Swiftness             Air            ##......     19%         2
c - Airstrike             Air            ##........   77%         4

Your spell library contained the following spells:

 Spells                   Type           Power        Failure   Level
 Static Discharge         Conj/Air       #.......     52%         3
 Lightning Bolt           Conj/Air       #.........   99%         5


Dungeon Overview and Level Annotations

Branches:
Dungeon (4/15)
 Temple: D:4-7

Altars:
Makhleb
Nemelex Xobeh
Sif Muna
Uskayaw
Zin
The Shining One

Annotations:
D:4 Pikel


Innate Abilities, Weirdness & Mutations

You have extremely sharp teeth.
Your natural rate of healing is unusually fast.
When hurt, damage is shared between your health and your magic reserves.
Your bite disrupts and absorbs the magic of your enemies.
Potions cannot restore your health.
You are immune to rotting.


Message History

Found a golden potion and a scroll labeled ESOFUR EMU. 2 lemures and Pikel come into view.
Pikel is wielding a +2 whip of electrocution and wearing a +2 robe of positive energy.
Found a shiny chain mail.
The lemure shouts!
Pikel shouts!
The lemure shouts! x2
The jelly hits you. The acid corrodes you!
You are splashed with acid!
You hit the jelly. You freeze the jelly.
Your hands burn!
You bite the jelly. You drain its power.
You feel invigorated.
The jelly is moderately wounded.
The jelly barely misses you.
You hit the jelly. You burn the jelly.
Your hands burn!
You bite the jelly, but do no damage.
The jelly is severely wounded.
Pikel closely misses you. The lemure closely misses you.
The jelly hits you but does no damage. The lemure hits you.
Pikel hits you with a +2 whip of electrocution.
You are electrocuted!
* * * LOW HITPOINT WARNING * * *
Pikel hits you with a +2 whip of electrocution!
You die...

.##.....##
....<....## ####
........).# #...##
..........###.....##
..........##.......#
..........##5.?....#
.........<##55..^!.#
..........##K5....##
.........#.@J......#
#......##.........#
.........#......[#
...#####.##.....##
##. ..# #...## #
#.## #### .. ##.


You could see Pikel, 4 lemures and a jelly.

Vanquished Creatures
  Crazy Yiuf (D:2)
  Robin (D:3)
  5 adders (D:2)
  A worm (D:2)
  2 dart slugs
  An orc (D:4)
  6 bats
  6 giant cockroaches
  9 goblins
  8 hobgoblins
  7 jackals (D:2)
  7 kobolds
  2 ball pythons
  2 frilled lizards (D:2)
  A leopard gecko zombie (D:3)
  9 rats
68 creatures vanquished.

Notes
Turn   | Place    | Note
-------+----------+-------------------------------------------
     0 | D:1      | flotson the Vine Stalker Air Elementalist began the quest
                  | for the Orb.
     0 | D:1      | Reached XP level 1. HP: 9/9 MP: 4/4
   398 | D:1      | Reached XP level 2. HP: 13/13 MP: 6/6
   432 | D:1      | Learned a level 2 spell: Swiftness
   801 | D:2      | Found a glowing golden altar of the Shining One.
   854 | D:2      | Reached XP level 3. HP: 4/16 MP: 3/7
  1108 | D:2      | Reached skill level 1 in Unarmed Combat
  1553 | D:2      | Found a hide-covered altar of Uskayaw.
  1579 | D:2      | Gained mutation: Your natural rate of healing is unusually
                  | fast. [Vine Stalker growth]
  1579 | D:2      | Reached XP level 4. HP: 19/21 MP: 6/8
  1665 | D:2      | Learned a level 4 spell: Airstrike
  1710 | D:2      | Found a burning altar of Makhleb.
  1716 | D:2      | Found a glowing silver altar of Zin.
  1716 | D:2      | Noticed an angel
  1717 | D:2      | Noticed a balrug
  1835 | D:2      | Found a runed translucent door.
  1836 | D:2      | Noticed Crazy Yiuf
  1848 | D:2      | Killed Crazy Yiuf
  2211 | D:2      | Found a faded altar of an unknown god.
  2218 | D:2      | Reached XP level 5. HP: 24/24 MP: 9/9
  2692 | D:3      | Found a shimmering blue altar of Sif Muna.
  2692 | D:3      | Found a glowing golden altar of the Shining One.
  2693 | D:3      | Found a sparkling altar of Nemelex Xobeh.
  2715 | D:3      | Noticed Robin
  2740 | D:3      | Killed Robin
  2774 | D:3      | Reached skill level 1 in Armour
  2877 | D:4      | Noticed a lemure
  2878 | D:4      | Noticed a lemure
  2879 | D:4      | Noticed Pikel
  2879 | D:4      | Noticed a lemure
  2879 | D:4      | Noticed a lemure
  2883 | D:4      | Slain by Pikel

Illustrated notes

Levels and vault maps discovered:
D:1:      eino_arrival_cavern_a, layout_rooms
D:2:      layout_loops_corners, grunt_temple_overflow_order_and_chaos_2,
          eat_drink_and_be_merry_uskayaw,
          chequers_ecumenical_altar_simple_redux, grunt_ministairs_1,
          tso_metal_star, uniq_crazy_yiuf_cottage
D:3:      layout_basic, chequers_temple_overflow_statue_of_worship,
          kennysheep_generic_room_15, uniq_robin
D:4:      layout_rooms, kennysheep_okawaru_gauntlet, uniq_pikel

Skill      XL: |  1  2  3  4  5 |
---------------+----------------+-----
Stealth        | 3 |  3.6
Unarmed Combat | 1 2 |  2.0
Dodging        | 2 |  2.6
Armour         | 1 |  1.0
Fighting       | |  0.1
Staves         | |  0.8
Spellcasting   | |  2.4
Conjurations   | |  1.0
Air Magic      | |  3.3

Action                   |  1- 3 |  4- 6 || total
-------------------------+-------+-------++-------
Melee: Unarmed           |   125 |    36 ||   161
       Bite              |    24 |    22 ||    46
       Quarterstaff      |       |    63 ||    63
       Punch             |       |     1 ||     1
Throw: Dart              |     1 |     1 ||     2
 Cast: Shock             |     1 |       ||     1
  Use: Potion            |     2 |     1 ||     3
 Stab: Sleeping          |     5 |     8 ||    13
Armor: Robe              |    22 |       ||    22
       Ring mail         |    27 |    35 ||    62
Dodge: Dodged            |   108 |    63 ||   171

Table legend: (Time is in decaauts)
 A = Elapsed time spent in this place.
 B = Non-inter-level travel time spent in this place.
 C = Inter-level travel time spent in this place.
 D = Time resting spent in this place.
 E = Time spent auto-exploring this place.
 F = Levels seen in this place.
 G = Mean time per level.
                   A        B        C        D        E       F      G
               +--------+--------+--------+--------+--------+-----+--------+
         Total |   2897 |   2823 |     74 |    602 |   1673 |   4 |  724.2 |
       Dungeon |   2897 |   2823 |     74 |    602 |   1673 |   4 |  724.2 |
               +--------+--------+--------+--------+--------+-----+--------+

Top non-repeatable levels by time:
     D:2: 1606 daAuts
     D:1: 790 daAuts
     D:3: 481 daAuts
     D:4: 18 daAuts
